 Dungeon Crawl Stone Soup version 0.29.1-15-g9cfb28693d (webtiles) character file.

Game seed: 13510838154914430590

39 protoss039 the Digger (level 3, -2/26 HPs)
             Began as a Demonspawn Earth Elementalist on Mar 13, 2023.
             Slain by a goblin
             ... wielding a +0 club
             ... led by Robin
              (3 damage)
             ... on level 2 of the Dungeon.
             The game lasted 00:01:46 (1290 turns).

protoss039 the Digger (DsEE)                        Turns: 1290, Time: 00:01:46

Health: -2/26      AC:  7    Str:  8    XL:     3   Next: 26%
Magic:  1/6        EV: 10    Int: 18    God:
Gold:   24         SH:  0    Dex: 13    Spells: 6/7 levels left

rFire   + . .      SeeInvis .   i - +0 short sword
rCold   + . .      Faith    .   (no shield)
rNeg    . . .      Spirit   .   g - +0 ring mail
rPois   .          Reflect  .   (no helmet)
rElec   .          Harm     .   o - +0 cloak
rCorr   .          Rampage  .   m - +0 pair of gloves
Will    .....                   (no boots)
Stlth   +.........              (no amulet)
HPRegen 0.08/turn               p - ring of protection from fire
MPRegen 0.10/turn               f - ring of protection from cold

@: weak-willed
A: hooves 1
a: no special abilities


You were on level 2 of the Dungeon.
You visited 1 branch of the dungeon, and saw 2 of its levels.

You collected 24 gold pieces.

Inventory:

Hand Weapons
 i - a +0 short sword (weapon)
Armour
 g - a +0 ring mail (worn)
 m - a +0 pair of gloves (worn)
 o - a +0 cloak (worn)
Jewellery
 f - a ring of protection from cold (right hand)
 p - a ring of protection from fire (left hand)
Scrolls
 e - 2 scrolls of noise {unknown}
 j - a scroll of enchant armour {unknown}
 k - 2 scrolls of teleportation {unknown}
 l - a scroll of identify {unknown}
 q - a scroll of magic mapping {unknown}
 s - a scroll of torment {unknown}
Potions
 a - a potion of haste {unknown}
 b - a potion of magic
 c - a potion of degeneration {unknown}
 n - a potion of brilliance {unknown}
 r - a potion of berserk rage {unknown}
 t - 2 potions of ambrosia {unknown}


   Skills:
 + Level 1.5 Fighting
 - Level 1.7 Dodging
 - Level 1.7 Stealth
 + Level 2.6 Spellcasting
 - Level 0.8 Transmutations
 + Level 3.1 Earth Magic


You had 6 spell levels left.
You knew the following spells:

 Your Spells              Type           Power      Damage    Failure   Level
a - Sandblast             Erth           26%        2d8       14%         1

Your spell library contained the following spells:

 Spells                   Type           Power      Damage    Failure   Level
 Passwall                 Tmut/Erth      7%         N/A       34%         2
 Stone Arrow              Conj/Erth      16%        3d8       63%         3
 Petrify                  Tmut/Erth      9%         N/A       92%         4


Dungeon Overview and Level Annotations

Branches:
Dungeon (2/15) Zot: 10690

Altars:

Shops:
D:2 (

Annotations:
D:2 Robin


Innate Abilities, Weirdness & Mutations

You have large cloven feet.


Message History

Casting: Sandblast (safe; 14% risk of failure)
Confirm with . or Enter, or press ? or * to list all spells.
Aiming: Sandblast (safe; 14% risk of failure)
Press: ? - help, Shift-Dir - straight line, f - goblin
Aim: a goblin, wielding a +0 dagger (77% to hit)
The blast of sand misses the goblin.
The goblin hits you but does no damage. The goblin misses you.
Unknown command.
Casting: Sandblast (safe; 14% risk of failure)
Confirm with . or Enter, or press ? or * to list all spells.
Aiming: Sandblast (safe; 14% risk of failure)
Press: ? - help, Shift-Dir - straight line, f/p - goblin
Aim: a goblin, wielding a +0 dagger (77% to hit)
The blast of sand hits the goblin.
You kill the goblin!
Robin throws the goblin at you! The goblin barely misses you.
The goblin hits you with a +0 dagger. x2; The goblin hits you with a +0 club.
Casting: Sandblast (safe; 14% risk of failure)
Confirm with . or Enter, or press ? or * to list all spells.
Aiming: Sandblast (safe; 14% risk of failure)
Press: ? - help, Shift-Dir - straight line, f - goblin
Aim: a goblin, wielding a +0 dagger (strong, 77% to hit)
The blast of sand hits the goblin!
You kill the goblin!
Robin throws the goblin at you! The goblin hits you with a +0 club. x2
* * * LOW HITPOINT WARNING * * *
As you read the scroll labelled ROMNUTA XIHAM, it crumbles to dust.
Magic quickly surges around you.
It was a scroll of vulnerability.
A goblin comes into view. It is wielding a +0 club.
The goblin hits you but does no damage. The goblin hits you with a +0 club.
* * * LOW HITPOINT WARNING * * *
Unknown command.
As you read the scroll labelled LUSOYTSEQOO, it crumbles to dust.
It is a scroll of amnesia.
Really abort (and waste the scroll)?
Okay, then.
The goblin shouts!
You hear a shout!
A goblin comes into view. It is wielding a +0 club.
The goblin hits you with a +0 club.
You die...

## .### .#.#
.#.###############
.#...............#
.#.....#########.#
.......# #g#
.......# #@#
.....### #g#
.....# #g# .....#
#g# .....# #g#
##.### #g# .....
g>. .#.#.. #.. .#
#..


You could see Robin (weak-willed), a hobgoblin (strong, weak-willed) and 5
goblins.

Vanquished Creatures
  3 ball pythons (D:1)
  A bat (D:1)
  2 endoplasms (D:1)
  A giant cockroach (D:1)
  5 goblins (D:2)
  6 hobgoblins (D:1)
  4 jackals (D:1)
  A kobold (D:1)
  3 quokkas
  4 frilled lizards (D:1)
  2 rats (D:1)
32 creatures vanquished.

Vanquished Creatures (others)
  A demonic plant (D:1)
1 creature vanquished.

Grand Total: 33 creatures vanquished

Notes
Turn   | Place    | Note
-------+----------+-------------------------------------------
     0 | D:1      | protoss039 the Demonspawn Earth Elementalist began the
                  | quest for the Orb.
     0 | D:1      | Reached XP level 1. HP: 13/13 MP: 3/3
   181 | D:1      | Gained mutation: You have large cloven feet. [demonic
                  | ancestry]
   181 | D:1      | Reached XP level 2. HP: 20/20 MP: 1/5
   302 | D:1      | Found a faded altar of an unknown god.
   341 | D:1      | Reached skill level 1 in Fighting
   346 | D:1      | Reached skill level 3 in Earth Magic
   730 | D:1      | Reached XP level 3. HP: 26/26 MP: 2/6
  1157 | D:2      | Found Maejet's Weapon Shoppe.
  1281 | D:2      | Noticed Robin
  1289 | D:2      | HP: 1/26 [goblin/+0 club[Robin] (5)]
  1290 | D:2      | Slain by a goblin

Illustrated notes

Levels and vault maps discovered:
D:1:      dpeg_arrival_simpleton_b, layout_basic, shapermc_ecumenical_altar_gd,
          minmay_tall_x
D:2:      layout_basic, serial_shops, shop, basic_altar, minmay_nonomino_d4,
          uniq_robin, uniq_jessica

Skill      XL: |  1  2 |
---------------+-------+-----
Fighting       | 1 |  1.5
Earth Magic    | 3 |  3.1
Dodging        | |  1.7
Stealth        | |  1.7
Spellcasting   | |  2.6
Transmutations | |  0.8

Action                   || total
-------------------------++-------
Melee: Short sword       ||    23
       Kick              ||     5
 Cast: Sandblast         ||    38
  Use: Scroll            ||     2
Armor: Ring mail         ||    22
Dodge: Dodged            ||    34
